 Dungeon Crawl Stone Soup version 0.24.0-13-gcf9b3192b9 (webtiles) character file.

Game seed: 9172514019384928166, levelgen mode: deterministic

8990 DavidChitty2 the Basher (level 11, -7/69 HPs)
             Began as a Gargoyle Fighter on Nov 8, 2019.
             Was a High Priest of Okawaru.
             Blown up by Maurice (32 damage)
             ... with a disintegration bolt
             ... on level 10 of the Dungeon.
             The game lasted 00:14:58 (11349 turns).

DavidChitty2 the Basher (Gargoyle Fighter)         Turns: 11349, Time: 00:14:58

Health: -7/69      AC: 24    Str: 21    XL:     11   Next: 39%
Magic:  15/15      EV:  5    Int: 11    God:    Okawaru [*****.]
Gold:   597        SH: 16    Dex:  9    Spells: 10/10 levels left

rFire    . . .     SeeInvis .   a - +3 flail
rCold    . . .     Gourm    .   c - +0 shield
rNeg     + + .     Faith    .   C - +0 plate armour
rPois    ∞         Spirit   .   (no helmet)
rElec    +         Reflect  +   (no cloak)
rCorr    .         Harm     .   (no gloves)
MR       .....                  u - +1 pair of boots
Stlth    ..........             p - +5 amulet of reflection
HPRegen  0.21/turn              t - ring of positive energy
MPRegen  0.14/turn              y - ring of poison resistance

@: no status effects
A: negative energy resistance 1, electricity resistance, unbreathing,
petrification resistance, rot immunity, AC +8
a: Heroism, Finesse, Renounce Religion


You were on level 10 of the Dungeon.
You worshipped Okawaru.
Okawaru was extremely pleased with you.
You were not hungry.

You visited 2 branches of the dungeon, and saw 11 of its levels.

You collected 626 gold pieces.
You spent 29 gold pieces at shops.

Inventory:

Hand Weapons
 a - a +3 flail (weapon)
   (You took it off a wight on level 6 of the Dungeon)
Missiles
 v - 3 throwing nets (quivered) {!f}
Armour
 c - a +0 shield (worn)
 j - a +0 chain mail of cold resistance
   (You took it off an orc on level 4 of the Dungeon)
 u - a +1 pair of boots (worn)
   (You found it on level 3 of the Dungeon)
 w - a +3 scale mail of fire resistance
   (You took it off Harold on level 7 of the Dungeon)
 C - a +0 plate armour (worn)
   (You took it off an orc warrior on level 9 of the Dungeon)
Jewellery
 g - an uncursed ring of ice
   (You found it on level 1 of the Dungeon)
 o - an uncursed ring of positive energy
   (You found it on level 3 of the Dungeon)
 p - a +5 amulet of reflection (around neck)
   (You found it on level 3 of the Dungeon)
 q - an uncursed ring of wizardry
   (You found it on level 3 of the Dungeon)
 t - a ring of positive energy (left hand)
   (You found it on level 3 of the Dungeon)
 y - a ring of poison resistance (right hand)
   (You found it on level 8 of the Dungeon)
Wands
 d - a wand of iceblast (8)
   (You found it on level 6 of the Dungeon)
 x - a wand of acid (17)
   (You found it on level 6 of the Dungeon)
 D - a wand of enslavement (11)
   (You found it on level 10 of the Dungeon)
Scrolls
 f - 2 scrolls of teleportation {@r4}
 i - 2 scrolls of magic mapping
 l - 2 scrolls of identify {@r1}
 n - 3 scrolls of remove curse {@r2}
 r - 4 scrolls of fear
 A - a scroll of enchant weapon
 B - a scroll of enchant armour
 E - a scroll of immolation {!r}
Potions
 b - a potion of brilliance
 h - 5 potions of curing {@q1}
 k - 2 potions of resistance
 m - 3 potions of lignification {!q}
 s - 3 potions of might
 z - 3 potions of heal wounds {@q2}
 G - a potion of flight
 H - a potion of cancellation
Comestibles
 e - 17 rations {!d}
 F - 19 chunks of flesh


   Skills:
 + Level 8.8 Fighting
 * Level 10.7 Maces & Flails
 + Level 8.7 Armour
 + Level 8.7 Shields
 + Level 6.2 Invocations


You had 10 spell levels left.
You didn't know any spells.
Your spell library contained the following spells:

 Spells                   Type           Power        Failure   Level  Hunger
 Animate Skeleton         Necr           N/A          100%        1    ##.....
 Beastly Appendage        Tmut           #.....       100%        1    ##.....
 Magic Dart               Conj           #...         100%        1    ##.....
 Pain                     Necr           #...         100%        1    ##.....
 Blink                    Tloc           N/A          100%        2    ###....
 Call Imp                 Summ           #.......     100%        2    ###....
 Slow                     Hex            #.......     100%        2    ###....
 Sticks to Snakes         Tmut           #.......     100%        2    ###....
 Conjure Flame            Conj/Fire      #.......     100%        3    ####...
 Mephitic Cloud           Conj/Pois/Air  #.......     100%        3    ####...
 Regeneration             Chrm/Necr      #.........   100%        3    ####...
 Spectral Weapon          Hex/Chrm       #.......     100%        3    ####...
 Spider Form              Tmut/Pois      #.........   100%        3    ####...
 Vampiric Draining        Necr           #.........   100%        3    ####...
 Animate Dead             Necr           N/A          100%        4    #####..
 Ice Form                 Ice/Tmut       #.......     100%        4    #####..
 Blade Hands              Tmut           #.........   100%        5    ######.
 Deflect Missiles         Chrm/Air       #.........   100%        6    #######
 Ignition                 Fire           #.........   100%        8    #######


Dungeon Overview and Level Annotations

Branches:
Dungeon (10/15)            Temple (1/1) D:6
   Lair: D:8-11         Orc: D:9-12

Altars:
Ashenzari
Cheibriados
Dithmenos
Elyvilon
Fedhas
Gozag
Hepliaklqana
Kikubaaqudgha
Makhleb
Nemelex Xobeh
Okawaru
Qazlal
Ru
Sif Muna
Trog
Uskayaw
Vehumet
Wu Jian
Xom
Yredelemnul
Zin
The Shining One
Beogh

Shops:
D:8 *

Annotations:
D:5 3 runed translucent doors, bl3nd3r's ghost, novice MiBe
D:8 2 runed translucent doors, Neffep's ghost, novice MiFi
D:10 Maurice


Innate Abilities, Weirdness & Mutations

You are resistant to torment.
Your stone body is resilient. (AC +8)
You are immune to poison.
You resist negative energy. (rN+)
You are resistant to electric shocks. (rElec)
You can survive without breathing.
You are immune to petrification.
You are immune to rotting.


Message History

H - a potion of cancellation
Found a stone staircase leading down.
A yak and Maurice come into view.
Maurice shouts!
The yak bellows!
You hear a bellow!
Maurice says, "Very interesting."
Maurice drinks a potion.
Maurice seems to speed up.
Maurice zaps a wand.
You struggle to resist.
Maurice gestures wildly while chanting.
Maurice puts on a burst of speed!
Maurice gestures wildly while chanting.
Maurice flickers and vanishes!
Deactivating autopickup; reactivate with Ctrl-A.
You sock the yak! You thump the yak!
A yak comes into view.
You block the yak's attack.
Unknown command.
The yak snorts and paws the ground.
You thump the yak!
You kill the yak!
Okawaru accepts your kill. You block something's attack.
You miss something. Something hits you but does no damage.
You miss something. Something hits you but does no damage.
You miss something. You block something's attack.
Something hits you but does no damage.
You closely miss something. Something hits you but does no damage.
You sock something!
You hear a zap.
You are blasted!
Your plate armour prevents you from hitting something.
You hear some strange, mumbled words.
You hear a zap.
Something tries to affect you, but you resist.
Unknown command.
You hear a zap.
Something tries to affect you, but you resist.
Something completely misses you.
You hear a zap.
You are blasted!
* * * LOW HITPOINT WARNING * * *
You block something's attack.
The bolt of acid hits something!
The acid corrodes something!
Something hits you but does no damage.
You hear a zap.
You are blasted!
You die...

######### ........#
##############
........######............#
......>.....@.............#
........######.........?..#
........# #............#
........######............#
..Y.......#...............#
........#.#.#.............#
........#.#.#.............###
........#.#...^.............#
...###.##.###.............#.#


There were no monsters in sight!

Vanquished Creatures
  Harold (D:7)
  A cyclops (D:9)
  A kobold demonologist (D:9)
  A komodo dragon (D:6)
  2 hornets
  A meliai zombie (D:10)
  6 yaks (D:10)
  Menkaure (D:6)
  2 hungry ghosts
  An acid dragon (D:6)
  A water moccasin (D:10)
  Duvessa (D:4)
  3 orc warriors
  A sky beast (D:10)
  2 black bears
  7 ogres
  2 phantoms
  3 centaurs
  8 big kobolds (D:9)
  Dowan (D:4)
  8 bullfrogs
  2 gnoll sergeants
  A scorpion (D:8)
  3 killer bees (D:9)
  8 wights
  6 howler monkeys
  A bullfrog zombie (D:9)
  2 crimson imps
  A quasit (D:9)
  3 orc priests
  4 hounds
  6 jellies
  8 orc wizards
  4 bullfrog skeletons
  3 iguanas
  Natasha (thrice) (D:4)
  5 worker ants
  A worker ant zombie (D:9)
  18 adders
  11 gnolls
  10 shadow imps
  4 oozes
  An adder skeleton (D:6)
  3 worms
  2 dart slugs
  4 leopard geckos
  34 orcs
  4 giant cockroaches
  9 goblins
  9 hobgoblins
  10 jackals
  25 kobolds
  5 quokkas
  A ball python (D:5)
  A ball python skeleton (D:5)
  2 bats (D:3)
  4 frilled lizards
  12 kobold skeletons (D:9)
  6 kobold zombies (D:9)
  2 leopard gecko skeletons
  25 rats
317 creatures vanquished.

Vanquished Creatures (others)
  A bat (D:2)
  A kobold (D:9)
2 creatures vanquished.

Grand Total: 319 creatures vanquished

Notes
Turn   | Place    | Note
-------+----------+-------------------------------------------
     0 | D:1      | DavidChitty2 the Gargoyle Fighter began the quest for the
                  | Orb.
     0 | D:1      | Reached XP level 1. HP: 14/14 MP: 1/1
    49 | D:1      | Reached XP level 2. HP: 5/19 MP: 2/2
   362 | D:1      | You fall into a shaft and drop 1 floor!
   402 | D:2      | Reached XP level 3. HP: 10/23 MP: 3/3
  1229 | D:1      | Reached skill level 3 in Maces & Flails
  1229 | D:1      | Reached XP level 4. HP: 29/29 MP: 4/4
  1584 | D:2      | Reached XP level 5. HP: 33/33 MP: 5/5
  2048 | D:3      | Noticed a phantom
  2080 | D:3      | Killed a phantom
  2080 | D:3      | Reached skill level 4 in Maces & Flails
  2080 | D:3      | Reached XP level 6. HP: 26/39 MP: 6/6
  3013 | D:4      | Noticed Natasha
  3022 | D:4      | Killed Natasha
  3220 | D:4      | Noticed Natasha
  3242 | D:4      | Killed Natasha
  3242 | D:4      | Reached XP level 7. HP: 44/44 MP: 7/7
  3437 | D:4      | Found a shadowy altar of Dithmenos.
  3441 | D:4      | Noticed Duvessa
  3441 | D:4      | Noticed Dowan
  3458 | D:4      | Killed Duvessa
  3458 | D:4      | Reached skill level 5 in Fighting
  3458 | D:4      | Reached skill level 5 in Maces & Flails
  3458 | D:4      | Reached skill level 5 in Shields
  3476 | D:4      | Killed Dowan
  3476 | D:4      | Reached skill level 5 in Armour
  3778 | D:4      | Noticed Natasha
  3796 | D:4      | Killed Natasha
  3821 | D:4      | Found a sparkling altar of Nemelex Xobeh.
  4195 | D:5      | Entered Level 5 of the Dungeon
  4537 | D:5      | Reached XP level 8. HP: 18/50 MP: 8/8
  4892 | D:5      | Found a runed translucent gate.
  4892 | D:5      | Identified the cursed +1 short sword of Resumed Hostilities
                  | {pierce, Int+6}
  4893 | D:5      | Found a runed translucent gate.
  4893 | D:5      | Noticed bl3nd3r's ghost (novice MiBe)
  4894 | D:5      | Found a runed translucent gate.
  4894 | D:5      | Found a roughly hewn altar of Beogh.
  4896 | D:5      | Identified the +12 spear of Overwhelming Force {drain, rF++
                  | Int-4}
  4939 | D:5      | Reached skill level 6 in Maces & Flails
  5194 | D:5      | Identified the Grimoire of Scorching Boosts
  5668 | D:6      | Found a staircase to the Ecumenical Temple.
  5680 | Temple   | Entered the Ecumenical Temple
  5955 | Temple   | Became a worshipper of Warmaster Okawaru
  6035 | D:6      | Noticed Menkaure
  6048 | D:6      | Killed Menkaure
  6048 | D:6      | Reached skill level 1 in Invocations
  6286 | D:6      | Reached skill level 7 in Maces & Flails
  6331 | D:6      | Reached XP level 9. HP: 35/55 MP: 10/10
  6410 | D:6      | Noticed a komodo dragon
  6424 | D:6      | Killed a komodo dragon
  6424 | D:6      | Reached * piety under Okawaru
  7222 | D:7      | Reached skill level 8 in Maces & Flails
  7380 | D:7      | Noticed Harold
  7420 | D:7      | Killed Harold
  7420 | D:7      | Reached ** piety under Okawaru
  7420 | D:7      | Reached XP level 10. HP: 34/63 MP: 11/13
  8047 | D:8      | Reached skill level 9 in Maces & Flails
  8096 | D:8      | Reached *** piety under Okawaru
  8394 | D:8      | Found a sacrificial altar of Ru.
  8428 | D:8      | Found Tetum's Assorted Antiques.
  8435 | D:8      | Bought a scroll labeled FUNIVO KINTO for 29 gold pieces
  8615 | D:8      | Found a large runed translucent door.
  8615 | D:8      | Found a large runed translucent door.
  8617 | D:8      | Noticed Neffep's ghost (novice MiFi)
  8978 | D:9      | Noticed a cyclops
  9272 | D:9      | Killed a cyclops
  9441 | D:9      | Reached skill level 5 in Invocations
  9608 | D:9      | Reached **** piety under Okawaru
 10173 | D:9      | Reached skill level 10 in Maces & Flails
 10239 | D:9      | Reached ***** piety under Okawaru
 10239 | D:9      | Reached XP level 11. HP: 69/69 MP: 15/15
 10434 | D:9      | Found an ancient bone altar of Kikubaaqudgha.
 10598 | D:10     | Entered Level 10 of the Dungeon
 11210 | D:10     | Received a gift from Okawaru
 11323 | D:10     | Noticed Maurice
 11349 | D:10     | Blown up by Maurice

Levels and vault maps discovered:
D:1:      erik_arrival_orb_chamber, layout_loops_ring
D:2:      layout_rooms, first_ration, minmay_hedge_maze
D:3:      layout_loops_corners, minmay_quantized
D:4:      layout_basic, nicolae_dithmenos_shadow_blocks, serial_glass,
          glass_columns_c, glass_columns_b, nemelex_diamond_rough_becter,
          uniq_duvessa, uniq_natasha
D:5:      layout_basic, biasface_ghost_orc_armoury
D:6:      layout_gridville, uniq_menkaure
D:7:      layout_loops_ring, uniq_harold
D:8:      layout_loops_corners, ebering_ghost_disaster_area, serial_shops, shop,
          basic_altar
D:9:      wander_kiku_kobolds, layout_gridville
D:10:     minmay_skewed_foursquare, layout_basic, uniq_grum, uniq_maurice
Temple:   roderic_octagonal_lattice_temple

Skill      XL: |  1  2  3  4  5  6  7  8  9 10 11 |
---------------+----------------------------------+-----
Maces & Flails | 3 4 5 7 8 10 | 10.7
Armour         | 4 5 6 7 8 |  8.7
Shields        | 4 5 6 7 8 |  8.7
Fighting       | 4 5 6 7 8 |  8.8
Invocations    | 1 4 5 6 |  6.2

Action                   |  1- 3 |  4- 6 |  7- 9 | 10-12 || total
-------------------------+-------+-------+-------+-------++-------
Melee: Flail             |   155 |   270 |   532 |   628 ||  1585
Invok: Heroism           |       |       |       |     2 ||     2
Evoke: Wand              |       |       |       |     1 ||     1
  Use: Scroll            |       |     7 |     4 |     5 ||    16
       Potion            |       |       |     1 |       ||     1
  Eat: Chunk             |     1 |     7 |    12 |    14 ||    34
       Ration            |       |       |     3 |     1 ||     4
Armor: Scale mail        |   117 |   135 |    44 |       ||   296
       Chain mail        |       |       |   245 |   120 ||   365
       Plate armour      |       |       |       |   156 ||   156
Dodge: Dodged            |    65 |    90 |   108 |   124 ||   387
Block: Shield            |   101 |   150 |   505 |   588 ||  1344
       Reflection        |       |       |    12 |    12 ||    24
